 Dungeon Crawl Stone Soup version 0.18.1-48-g4cf74bf (webtiles) character file.

416 Neosonic97 the Skirmisher (level 6, -6/56 HPs)
             Began as a Draconian Transmuter on Sept 8, 2016.
             Killed by divine providence
             ... invoked by an orc priest
              (14 damage)
             ... on level 5 of the Dungeon.
             The game lasted 00:09:34 (3311 turns).

Neosonic97 the Skirmisher (Draconian Transmuter)    Turns: 3311, Time: 00:09:35

Health: -6/56      AC:  2    Str: 13    XL:     6   Next: 60%
Magic:  5/9        EV: 23    Int: 13    God:
Gold:   232        SH:  0    Dex: 18    Spells: 2 memorised, 5 levels left

rFire  . . .     SeeInvis .       - Unarmed
rCold  . . .     Gourm    .     (armour unavailable)
rNeg   . . .     Faith    .     (shield currently unavailable)
rPois  x         Spirit   .     (helmet currently unavailable)
rElec  .         Dismiss  .     (cloak currently unavailable)
rCorr  .         Reflect  .     (gloves currently unavailable)
SustAt .         Harm     .     (boots currently unavailable)
MR     .....                    (no amulet)
Stlth  ++........               (no ring)
                                (no ring)

@: spider-form (expiring), not resistant to hostile enchantments, unstealthy
A: unfitting armour, (cold-blooded), AC +6
a: End Transformation


You were on level 5 of the Dungeon.
You were not hungry.
You were a venomous arachnid creature.
You visited 1 branch of the dungeon, and saw 5 of its levels.

You collected 232 gold pieces.

Inventory:

Missiles
 a - 38 arrows
Jewellery
 p - an uncursed amulet of regeneration {unknown}
Wands
 n - a wand of flame (26/48)
 r - a wand of lightning (5/15)
Scrolls
 e - a scroll of magic mapping {unknown}
 g - a scroll of amnesia {unknown}
 j - 2 scrolls of teleportation
 k - a scroll of fog
 m - 2 scrolls of remove curse {unknown}
 q - a scroll of identify
Potions
 i - a potion of heal wounds {unknown}
Books
 b - a book of Changes

   Spells                             Type                      Level
   a - Beastly Appendage              Transmutation                1
   b - Sticks to Snakes               Transmutation                2
   c - Spider Form                    Transmutation/Poison         3
   d - Ice Form                       Ice/Transmutation            4
   e - Blade Hands                    Transmutation                5
 h - a book of Alchemy

   Spells                             Type                      Level
   a - Sublimation of Blood           Necromancy                   2
   b - Ignite Poison                  Fire/Transmutation/Poison    3
   c - Petrify                        Transmutation/Earth          4
   d - Alistair's Intoxication        Transmutation/Poison         5
   e - Irradiate                      Conjuration/Transmutation    5
Comestibles
 c - 2 bread rations
 d - a beef jerky
 f - 3 fruits
 l - a slice of pizza
 o - 2 chunks of flesh


   Skills:
 * Level 5.1 Fighting
 + Level 4.6 Dodging
 - Level 3.0 Unarmed Combat
 - Level 2.0 Spellcasting
 + Level 2.4 Transmutations


You had 5 spell levels left.
You knew the following spells:

 Your Spells              Type           Power        Failure   Level  Hunger
a - Beastly Appendage     Trmt           #.....       28%         1    ##.....
b - Spider Form           Trmt/Pois      #.........   73%         3    ####...


Dungeon Overview and Level Annotations

Branches:
Dungeon (5/15)
 Temple: D:4-7

Altars:
Elyvilon
Vehumet


Innate Abilities, Weirdness & Mutations

((Your plain brown scales are hard (AC +6).))
Your body does not fit into most forms of armour.
((You are cold-blooded and may be slowed by cold attacks.))


Message History

The orc priest is lightly wounded.
The orc priest invokes the aid of Beogh against you.
Pain shoots through your body!
Casting: Beastly Appendage
Confirm with . or Enter, or press ? or * to list all spells.
Your horns disappear.
You turn into a venomous arachnid creature.
Your transformation is almost over.
The orc priest invokes the aid of Beogh against you.
Beogh smites you!
* * * LOW HITPOINT WARNING * * *
You hear a shout!
You hit the orc priest.
The orc priest is poisoned.
The orc priest is moderately wounded.
The orc priest misses you.
You hit the orc priest.
The orc priest looks even sicker.
The orc priest is severely wounded.
The orc priest invokes the aid of Beogh against you.
Beogh smites you!
You die...

####### ###.....#
........###
.##'##....#
.#...#.##.########
.#.8.#.##.#......#
.#.).#.##.#.####s#
.##'##..#.#.# #o#
............# #o#
.#..######### #o#
.#.## 5.. .#.# ###
.#.# ##.# ..#


You could see an orc priest, a crimson imp and 2 orcs.

Vanquished Creatures
  Menkaure (D:4)
  2 giant frog skeletons (D:4)
  Natasha (twice) (D:4)
  A worker ant (D:5)
  Robin (D:4)
  5 adders
  A shadow imp (D:5)
  An adder skeleton (D:4)
  4 dart slugs
  13 orcs
  5 bats
  2 giant cockroaches
  12 goblins
  5 hobgoblins
  A jackal (D:1)
  A quokka (D:4)
  A ball python (D:2)
  4 giant newts
  7 kobolds
  18 rats
87 creatures vanquished.

Notes
Turn   | Place    | Note
--------------------------------------------------------------
     0 | D:1      | Neosonic97 the Draconian Transmuter began the quest for the Orb.
     0 | D:1      | Reached XP level 1. HP: 16/16 MP: 3/3
    64 | D:1      | Reached XP level 2. HP: 15/23 MP: 3/5
   819 | D:2      | Reached skill level 2 in Fighting
   819 | D:2      | Reached XP level 3. HP: 27/29 MP: 6/6
  1443 | D:3      | Found a white marble altar of Elyvilon.
  1501 | D:3      | Reached XP level 4. HP: 37/37 MP: 5/7
  1987 | D:4      | Noticed Natasha
  1999 | D:4      | Killed Natasha
  1999 | D:4      | Reached skill level 3 in Fighting
  2161 | D:4      | Noticed Natasha
  2176 | D:4      | Killed Natasha
  2176 | D:4      | Reached XP level 5. HP: 45/45 MP: 8/8
  2252 | D:4      | Found a radiant altar of Vehumet.
  2260 | D:4      | Reached skill level 4 in Fighting
  2271 | D:4      | Learned a level 3 spell: Spider Form
  2434 | D:4      | Noticed Robin
  2466 | D:4      | Killed Robin
  2750 | D:4      | Noticed Menkaure
  2771 | D:4      | Killed Menkaure
  2771 | D:4      | Reached skill level 5 in Fighting
  2771 | D:4      | Reached XP level 6. HP: 8/56 MP: 5/9
  3098 | D:5      | Entered Level 5 of the Dungeon
  3311 | D:5      | Killed from afar by an orc priest

Skill      XL: |  1  2  3  4  5 |
---------------+----------------+-----
Dodging        | 2 3 4 |  4.6
Fighting       | 2 3 5 |  5.1
Unarmed Combat | |  3.0
Spellcasting   | |  2.0
Transmutations | |  2.4

Action                   |  1- 3 |  4- 6 || total
-------------------------+-------+-------++-------
Melee: Unarmed           |   134 |   161 ||   295
       Kick              |    18 |    14 ||    32
       Tailslap          |     8 |    12 ||    20
       Punch             |     2 |     1 ||     3
       Headbutt          |     1 |     6 ||     7
 Cast: Beastly Appendage |    30 |    17 ||    47
       Spider Form       |       |     7 ||     7
  Use: Scroll            |     3 |     3 ||     6
       Potion            |       |     9 ||     9
  Eat: Chunk             |     3 |     7 ||    10
Armor: Skin              |    46 |    32 ||    78
Dodge: Dodged            |    97 |   118 ||   215
